 Dungeon Crawl Stone Soup version 0.20.1-1-g8b1a95d (console) character file.

51 bli the Skirmisher (level 4, -5/37 HPs)
             Began as a Formicid Abyssal Knight on Aug 6, 2017.
             Was a Follower of Lugonu.
             Slain by a sky beast (6 damage)
             ... on level 3 of the Dungeon.
             The game lasted 00:07:41 (2319 turns).

bli the Skirmisher (Formicid Abyssal Knight)        Turns: 2319, Time: 00:07:42

Health: -5/37      AC:  3    Str: 16    XL:     4   Next: 7%
Magic:  5/5        EV: 11    Int: 12    God:    Lugonu [*.....]
Gold:   77         SH:  0    Dex: 11    Spells: 2/3 levels left

rFire    . . .     SeeInvis +   a - +1 spear
rCold    . . .     Gourm    .   (no shield)
rNeg     . . .     Faith    .   b - +0 leather armour
rPois    .         Spirit   .   (helmet unavailable)
rElec    .         Reflect  .   (no cloak)
rCorr    .         Harm     .   (no gloves)
MR       .....                  (no boots)
Stlth    +.........             r - amulet of magic regeneration
Regen    0.2/turn               (no ring)
MPRegen  0.2/turn               (no ring)

@: no status effects
A: permanent stasis, dig shafts and tunnels, four strong arms, antennae 3
a: Dig, Shaft Self, Depart the Abyss, Renounce Religion


You were on level 3 of the Dungeon.
You worshipped Lugonu.
Lugonu was aware of your devotion.
You were hungry.

You visited 1 branch of the dungeon, and saw 3 of its levels.
You visited the Abyss 1 time.

You collected 77 gold pieces.

Inventory:

Hand Weapons
 a - a +1 spear (weapon)
Missiles
 f - 60 stones (quivered)
Armour
 b - a +0 leather armour (worn)
Jewellery
 r - an amulet of magic regeneration (around neck)
Scrolls
 d - 2 scrolls of teleportation {unknown}
 e - 2 scrolls of identify {unknown}
 k - a scroll of enchant weapon {unknown}
 l - 2 scrolls of amnesia {unknown}
 m - a scroll of remove curse {unknown}
 n - a scroll of noise {unknown}
 o - a scroll of fear {unknown}
 s - 2 scrolls of fog {unknown}
Potions
 j - a potion of agility {unknown}
 p - a potion of ambrosia {unknown}
 q - a potion of curing
 t - a potion of brilliance {unknown}
Books
 i - a book of Maledictions

   Spells                             Type                      Level
   a - Corona                         Hexes                        1
   b - Ensorcelled Hibernation        Hexes/Ice                    2
   c - Confuse                        Hexes                        3
   d - Tukima's Dance                 Hexes                        3
   e - Dazzling Spray                 Conjuration/Hexes            3
Comestibles
 c - 3 bread rations
 g - 2 royal jellies
 h - 7 chunks of flesh


   Skills:
 + Level 3.8 Fighting
 + Level 2.4 Polearms
 * Level 2.9 Armour
 + Level 1.2 Dodging
 + Level 1.0 Stealth
 + Level 0.4 Spellcasting
 + Level 0.2 Hexes
 + Level 2.2 Invocations


You had 2 spell levels left.
You knew the following spells:

 Your Spells              Type           Power        Failure   Level  Hunger
a - Corona                Hex            #......      34%         1    ##.....


Dungeon Overview and Level Annotations

Branches:
Dungeon (3/15)

Altars:
Kikubaaqudgha
Ru


Innate Abilities, Weirdness & Mutations

You cannot be hasted, slowed, berserked, paralysed or teleported.
You can dig through walls and to a lower floor.
Your four strong arms can wield two-handed weapons with a shield.
You have a pair of large antennae on your head. (SInv)


Message History

You hit the sky beast but do no damage.
The sky beast is lightly wounded.
The sky beast hits you but does no damage.
You hit the sky beast.
The sky beast is moderately wounded.
You are feeling hungry.
You miss the sky beast.
The sky beast is moderately wounded.
The sky beast flickers out of sight for a moment.
The sky beast hits you. The sky beast shocks you.
* * * LOW HITPOINT WARNING * * *
You hit the sky beast.
The sky beast is moderately wounded.
The sky beast closely misses you.
You hit the sky beast.
The sky beast is heavily wounded.
The sky beast hits you.
* * * LOW HITPOINT WARNING * * *
The sky beast shocks you.
You die...

..........#
#####..##.#
......###.########
####..# #........#
##.## ###......#
###..# #......#
#...## #......#
#.### ##......#
#.# ###.......#
..# #.........#
.## ##.##....Y@#
.# ####..#########
.###....##
.....#### ..####
..# ... .... ###..
... ....


You could see a sky beast (invisible).

Vanquished Creatures
  An adder (D:3)
  A worm (D:3)
  A dart slug (D:1)
  2 leopard geckos
  A ball python (D:3)
  A giant cockroach (D:2)
  3 goblins
  3 hobgoblins
  3 jackals (D:1)
  4 kobolds
  4 bats
  8 frilled lizards
  6 rats
38 creatures vanquished.

Vanquished Creatures (others)
  5 toadstools (D:1)
5 creatures vanquished.

Grand Total: 43 creatures vanquished

Notes
Turn   | Place    | Note
-------+----------+-------------------------------------------
     0 | Abyss:1  | bli the Formicid Abyssal Knight began the quest for the Orb.
     0 | Abyss:1  | Reached XP level 1. HP: 18/18 MP: 2/2
    70 | Abyss:1  | Noticed a worldbinder
    72 | Abyss:1  | Noticed a manticore
    72 | D:1      | Escaped the Abyss
   202 | D:1      | Reached skill level 1 in Dodging
   306 | D:1      | Reached XP level 2. HP: 21/24 MP: 3/3
   466 | D:1      | Reached * piety under Lugonu
   478 | D:1      | HP: 1/24 [jackal (1)]
   480 | D:1      | Reached skill level 1 in Stealth
   991 | D:2      | Found an ancient bone altar of Kikubaaqudgha.
  1048 | D:2      | Reached XP level 3. HP: 24/29 MP: 4/4
  1428 | D:2      | Learned a level 1 spell: Corona
  1539 | D:2      | Found a sacrificial altar of Ru.
  2195 | D:3      | Reached XP level 4. HP: 32/37 MP: 2/5
  2249 | D:3      | Noticed a sky beast
  2319 | D:3      | HP: 1/37 [sky beast (5)]
  2319 | D:3      | Slain by a sky beast

Skill      XL: |  1  2 |
---------------+-------+-----
Dodging        | 1 |  1.2
Stealth        | 1 |  1.0
Fighting       | |  3.8
Polearms       | |  2.4
Armour         | |  2.9
Spellcasting   | |  0.4
Hexes          | |  0.2
Invocations    | |  2.2

Action                   |  1- 3 |  4- 6 || total
-------------------------+-------+-------++-------
Melee: Spear             |   115 |    30 ||   145
 Cast: Corona            |     7 |     1 ||     8
Invok: Depart the Abyss  |     1 |       ||     1
 Abil: Dig               |     2 |       ||     2
  Use: Potion            |       |     1 ||     1
 Stab: Sleeping          |     1 |       ||     1
  Eat: Chunk             |     5 |       ||     5
Armor: Leather armour    |    28 |     4 ||    32
Dodge: Dodged            |    42 |    17 ||    59
